 Dungeon Crawl Stone Soup version 0.29.0-4-gdea44cf6ec (webtiles) character file.

Game seed: 13560348663997729873

44 qw the Chopper (level 3, -3/21 HPs)
             Began as a Tengu Warper on Aug 28, 2022.
             Slain by a gnoll
             ... wielding a +1 whip of freezing
              (4 damage)
             ... on level 2 of the Dungeon.
             The game lasted 00:00:10 (2549 turns).

qw the Chopper (Tengu Warper)                       Turns: 2549, Time: 00:00:10

Health: -3/21      AC:  6    Str: 13    XL:     3   Next: 62%
Magic:  7/7        EV: 10    Int: 13    God:
Gold:   109        SH:  0    Dex: 19    Spells: 6/6 levels left

rFire   . . .      SeeInvis .   a - +0 hand axe
rCold   . . .      Faith    .   (no shield)
rNeg    . . .      Spirit   .   d - +0 scale mail
rPois   .          Reflect  .   (helmet restricted)
rElec   .          Harm     .   (no cloak)
rCorr   .          Rampage  .   (no gloves)
Will    +....                   (boots unavailable)
Stlth   ..........              (no amulet)
HPRegen 0.07/turn               f - +6 ring of dexterity
MPRegen 0.10/turn               (no ring)

@: no status effects
A: beak, talons 3, deterioration 1, strong-willed 1
a: no special abilities


You were on level 2 of the Dungeon.
You visited 1 branch of the dungeon, and saw 2 of its levels.

You collected 109 gold pieces.


Innate Abilities, Weirdness & Mutations

You have a beak for a mouth.
You have claws for feet.
Your body sometimes deteriorates upon taking damage.
You are strong-willed. (Will+)


   Skills:
 - Level 2.0 Fighting
 + Level 4.3 Axes
 - Level 1.0 Throwing
 - Level 1.1 Armour
 - Level 2.1 Dodging
 - Level 2.0 Spellcasting
 - Level 2.4 Translocations


You had 6 spell levels left.
You didn't know any spells.
Your spell library contained the following spells:

 Spells                   Type           Power      Damage    Failure   Level
 Blink                    Tloc           14%        N/A       56%         2
 Gell's Gravitas          Tloc           7%         N/A       80%         3
 Lesser Beckoning         Tloc           7%         N/A       80%         3
 Teleport Other           Tloc           7%         N/A       80%         3
 Manifold Assault         Tloc           7%         N/A       100%        5

Inventory:

Hand Weapons
 a - a +0 hand axe (weapon)
 g - a +0 mace
Armour
 d - a +0 scale mail (worn)
Jewellery
 f - a +6 ring of dexterity (left hand)
Scrolls
 b - a scroll of poison {unknown}
Potions
 c - a potion of heal wounds {unknown}
 h - a potion of curing {unknown}

Dungeon Overview and Level Annotations

Branches:
Dungeon (2/15)

Altars:


Message History

An adder comes into view.
The adder hisses angrily.
You hear a shout!
A gnoll comes into view. It is wielding a +0 club.
A gnoll comes into view. It is wielding a +0 whip.
The gnoll shouts!
A gnoll comes into view. It is wielding a +1 whip of freezing.
The adder bites you but does no damage.
You hit the adder. Your kick misses the adder.
The adder is lightly wounded.
The adder bites you.
You are poisoned.
The adder poisons you!
You barely miss the adder. You claw the adder.
The adder is severely wounded.
You feel sick. The adder barely misses you. The adder closely misses you.
You hit the adder.
The adder is severely wounded.
You hit the gnoll. You barely miss the gnoll.
You feel sick. The gnoll hits you but does no damage.
The gnoll hits you with a +0 whip. The adder bites you.
You closely miss the adder.
The adder is severely wounded.
You hit the gnoll. You barely miss the gnoll.
You feel sick. The adder bites you but does no damage.
The gnoll barely misses you. The gnoll hits you but does no damage.
The gnoll hits you with a +0 club. The adder bites you but does no damage.
The gnoll closely misses you.
You hit the adder.
You kill the adder!
You hit the gnoll. You hit the gnoll but do no damage.
You feel sick. The gnoll hits you with a +0 whip.
The gnoll hits you with a +0 club.
You closely miss the gnoll.
The gnoll is moderately wounded.
You hit the gnoll but do no damage. You closely miss the gnoll.
You feel sick.
You are no longer poisoned.
The gnoll barely misses you.
The gnoll hits you with a +1 whip of freezing.
You die...

#... #..# ##..# ....
#!.# # #..##.# #ggg..#
#@###### #.##...
######.##.####.###
#########
#............:...#
#.......#
#.####.##.####.#.#
#.#####.# #.# #...#.#
#.# #.# #.##.......
#.#####.###.###...####
#.#.........# ##.##


You could see 3 gnolls.

Vanquished Creatures
  An adder (D:2)
  2 dart slugs
  5 ball pythons (D:1)
  2 endoplasms (D:1)
  2 giant cockroaches (D:1)
  A goblin (D:2)
  3 hobgoblins (D:1)
  3 quokkas (D:1)
  2 bats (D:1)
  2 frilled lizards (D:1)
  3 kobolds (D:1)
  5 rats
31 creatures vanquished.

Notes
Turn   | Place    | Note
-------+----------+-------------------------------------------
     0 | D:1      | qw the Tengu Warper began the quest for the Orb.
     0 | D:1      | Reached XP level 1. HP: 12/12 MP: 4/4
     0 | D:1      | 0 ||| qw: Version: 0.1-a-89-g26bdef1
     0 | D:1      | 0 ||| qw: Game counter: 2218
     0 | D:1      | 0 ||| qw: Always use a shield: true
     0 | D:1      | 0 ||| qw: God list: Okawaru
     0 | D:1      | 0 ||| qw: Allow faded altars: false
     0 | D:1      | 0 ||| qw: Do Orc after D:15 true
     0 | D:1      | 0 ||| qw: Do second Lair branch before Depths: true
     0 | D:1      | 0 ||| qw: Lair rune preference: random
     0 | D:1      | 0 ||| qw: Plans: Normal
     0 | D:1      | 0 ||| PLANNING D:1-11
    50 | D:1      | HP: 3/12 [hobgoblin (2)]
    51 | D:1      | HP: 1/12 [hobgoblin (2)]
   387 | D:1      | Reached skill level 3 in Axes
   387 | D:1      | Reached XP level 2. HP: 16/17 MP: 6/6
   476 | D:1      | 476 ||| Stepping ~*~*~tactically~*~*~ (stealth).
   517 | D:1      | 517 ||| DROPPING +0 club.
   755 | D:1      | 755 ||| Stepping ~*~*~tactically~*~*~ (stealth).
   793 | D:1      | 793 ||| Stepping ~*~*~tactically~*~*~ (stealth).
  1009 | D:1      | 1009 ||| Stepping ~*~*~tactically~*~*~ (hiding).
  1111 | D:1      | 1111 ||| Stepping ~*~*~tactically~*~*~ (hiding).
  1213 | D:1      | 1213 ||| Stepping ~*~*~tactically~*~*~ (hiding).
  1315 | D:1      | 1315 ||| Stepping ~*~*~tactically~*~*~ (hiding).
  1417 | D:1      | 1417 ||| Stepping ~*~*~tactically~*~*~ (hiding).
  1519 | D:1      | 1519 ||| Stepping ~*~*~tactically~*~*~ (hiding).
  1521 | D:1      | 1521 ||| Stepping ~*~*~tactically~*~*~ (hiding).
  1558 | D:1      | 1558 ||| Stepping ~*~*~tactically~*~*~ (stealth).
  1559 | D:1      | 1559 ||| Stepping ~*~*~tactically~*~*~ (stealth).
  1567 | D:1      | 1567 ||| Stepping ~*~*~tactically~*~*~ (stealth).
  1575 | D:1      | 1575 ||| Stepping ~*~*~tactically~*~*~ (stealth).
  1577 | D:1      | Reached XP level 3. HP: 10/21 MP: 7/7
  1602 | D:1      | 1602 ||| Stepping ~*~*~tactically~*~*~ (stealth).
  1678 | D:1      | 1678 ||| Stepping ~*~*~tactically~*~*~ (stealth).
  1683 | D:1      | 1683 ||| Stepping ~*~*~tactically~*~*~ (stealth).
  1684 | D:1      | 1684 ||| Stepping ~*~*~tactically~*~*~ (stealth).
  1696 | D:1      | 1696 ||| Stepping ~*~*~tactically~*~*~ (stealth).
  1698 | D:1      | 1698 ||| Stepping ~*~*~tactically~*~*~ (stealth).
  1718 | D:1      | 1718 ||| Stepping ~*~*~tactically~*~*~ (stealth).
  1877 | D:1      | Found a faded altar of an unknown god.
  2332 | D:1      | 2332 ||| UPGRADING to +0 scale mail.
  2342 | D:1      | 2342 ||| DROPPING +0 leather armour.
  2343 | D:1      | 2343 ||| UPGRADING to +6 ring of dexterity.
  2344 | D:1      | 2344 ||| DRINKING 2 murky blue potions.
  2344 | D:1      | Gained mutation: You are frail. (-10% HP) [potion of
                  | mutation]
  2344 | D:1      | Gained mutation: Potions are less effective at restoring
                  | your health. [potion of mutation]
  2344 | D:1      | Gained mutation: You occasionally lose the ability to read
                  | scrolls when taking damage. [potion of mutation]
  2345 | D:1      | 2345 ||| DRINKING potion of mutation.
  2345 | D:1      | Lost mutation: Potions are less effective at restoring your
                  | health. [potion of mutation]
  2345 | D:1      | Lost mutation: You are frail. (-10% HP) [potion of
                  | mutation]
  2345 | D:1      | Lost mutation: You occasionally lose the ability to read
                  | scrolls when taking damage. [potion of mutation]
  2345 | D:1      | Gained mutation: Your body sometimes deteriorates upon
                  | taking damage. [potion of mutation]
  2345 | D:1      | Gained mutation: You are strong-willed. (Will+) [potion of
                  | mutation]
  2386 | D:1      | 2386 ||| DROPPING scroll of blinking.
  2415 | D:2      | Reached skill level 4 in Axes
  2548 | D:2      | HP: 2/21 [gnoll/+0 club (4)]
  2549 | D:2      | Slain by a gnoll

Levels and vault maps discovered:
D:1:      ncdulo_watergridlock, layout_basic,
          shapermc_ecumenical_altar_notcrosses, wad_floor_pattern_untrapped
D:2:      layout_loops_corners, uniq_terence, uniq_robin

Skill      XL: |  1  2  3 |
---------------+----------+-----
Axes           | 3 4 |  4.3
Fighting       | |  2.0
Throwing       | |  1.0
Armour         | |  1.1
Dodging        | |  2.1
Spellcasting   | |  2.0
Translocations | |  2.4

Action                   || total
-------------------------++-------
Melee: Hand axe          ||    86
       Kick              ||    17
       Peck              ||    14
Throw: Boomerang         ||     7
  Use: Potion            ||     2
Armor: Leather armour    ||    11
       Scale mail        ||     7
Dodge: Dodged            ||    44

Table legend:
 A = Non-vault XP
 B = Vault XP
 C = Vault XP percentage of total XP
 D = Non-vault monster count
 E = Vault monster count
 F = Vault count percentage of total count
                 A         B        C        D         E       F
            +---------+---------+-------+---------+---------+-------
      Total |      64 |       0 |   0.0 |      31 |       0 |   0.0
            +---------+---------+-------+---------+---------+-------
        D:1 |      43 |       0 |   0.0 |      26 |       0 |   0.0
        D:2 |      21 |       0 |   0.0 |       5 |       0 |   0.0
            +---------+---------+-------+---------+---------+-------
